 Dungeon Crawl Stone Soup version 0.29.1-15-g9cfb28693d (webtiles) character file.

Game seed: 2422120456196482008

56 javelincjr the Magician (level 3, 0/26 HPs)
             Began as a Demonspawn Hedge Wizard on Apr 22, 2023.
             Slain by a gnoll
             ... wielding a +0 halberd
              (9 damage)
             ... on level 2 of the Dungeon.
             The game lasted 00:03:32 (1392 turns).

javelincjr the Magician (Demonspawn Hedge Wizard)   Turns: 1392, Time: 00:03:32

Health: 0/26       AC:  5    Str: 12    XL:     3   Next: 69%
Magic:  7/7        EV: 12    Int: 15    God:
Gold:   51         SH:  0    Dex: 12    Spells: 7/8 levels left

rFire   . . .      SeeInvis .   i - +1 short sword (venom)
rCold   . . .      Faith    .   (no shield)
rNeg    . . .      Spirit   .   b - +0 robe
rPois   .          Reflect  .   c - +0 hat
rElec   .          Harm     .   f - +0 cloak
rCorr   .          Rampage  .   (no gloves)
Will    .....                   (no boots)
Stlth   ++........              (no amulet)
HPRegen 0.08/turn               (no ring)
MPRegen 0.10/turn               (no ring)

@: no status effects
A: antennae 1, yellow scales 1
a: no special abilities


You were on level 2 of the Dungeon.
You visited 1 branch of the dungeon, and saw 2 of its levels.

You collected 51 gold pieces.

Inventory:

Hand Weapons
 a - a +0 dagger
 i - a +1 short sword of venom (weapon)
Missiles
 h - 3 poisoned darts
Armour
 b - a +0 robe (worn)
 c - a +0 hat (worn)
 f - a +0 cloak (worn)
Scrolls
 g - a scroll of teleportation {unknown}
 j - 3 scrolls of identify {unknown}
 k - a scroll of silence {unknown}
Potions
 d - a potion of magic
 e - 2 potions of curing {unknown}


   Skills:
 * Level 1.4 Fighting
 + Level 0.7 Armour
 + Level 2.1 Dodging
 - Level 1.7 Stealth
 * Level 3.3 Spellcasting
 + Level 1.3 Conjurations
 + Level 1.4 Summonings
 + Level 1.3 Translocations


You had 7 spell levels left.
You knew the following spells:

 Your Spells              Type           Power      Damage    Failure   Level
a - Magic Dart            Conj           24%        1d4       11%         1

Your spell library contained the following spells:

 Spells                   Type           Power      Damage    Failure   Level
 Call Imp                 Summ           6%         N/A       16%         2
 Blink                    Tloc           12%        N/A       17%         2
 Slow                     Hex            8%         N/A       19%         1
 Conjure Flame            Conj/Fire      4%         6-21      41%         3
 Mephitic Cloud           Conj/Pois/Air  3%         N/A       43%         3


Dungeon Overview and Level Annotations

Branches:
Dungeon (2/15)

Altars:


Innate Abilities, Weirdness & Mutations

You have a pair of small antennae on your head.
You are partially covered in yellow scales. (AC +2)


Message History

You hit the gnoll.
You kill the gnoll!
k - a scroll labelled IGIUTHRY NYEBITA
Things that are here:
a +0 whip; a gnoll corpse You start resting.
Magic restored.
You start resting.
HP restored.
A gnoll comes into view.
It is wielding a +0 spear. 2 gnolls come into view.
The gnoll shouts! x2
The gnoll hits you with a +0 spear.
You closely miss the gnoll. The gnoll hits you with a +0 spear.
You hit the gnoll but do no damage.
The gnoll is poisoned.
You barely miss the gnoll.
The gnoll is lightly wounded.
The gnoll hits you but does no damage. The gnoll misses you.
The gnoll attacks as you move away! The gnoll barely misses you.
The gnoll hits you from afar with a +0 spear.
You hit the gnoll.
The gnoll is poisoned.
The gnoll is lightly wounded.
The gnoll closely misses you. The gnoll hits you with a +0 club.
The gnoll attacks as you move away! The gnoll hits you but does no damage.
You hit the gnoll.
The gnoll is heavily wounded.
The gnoll barely misses you.
You hit the gnoll but do no damage.
The gnoll looks as sick as possible!
The gnoll is heavily wounded.
The gnoll barely misses you.
You hit the gnoll.
The gnoll looks as sick as possible!
The gnoll is almost dead.
The gnoll looks more healthy.
The gnoll hits you from afar with a +0 spear.
The gnoll barely misses you.
You hit the gnoll.
You kill the gnoll!
The gnoll hits you but does no damage.
The gnoll hits you from afar with a +0 halberd!
You die...

#.. .# #.# .# #.#
.# #.# .# ##
#.###.#
....###.##..#
.......{##..# ....
#g##..#.#
....###.g@....#
#........#........
#........#..#.###.
#.....#..#..#.#
#......).#..# #
............#
...........##
.........###
#####.#.....#####


You could see 2 gnolls.

Vanquished Creatures
  2 gnolls (D:2)
  An adder (D:2)
  5 ball pythons (D:1)
  A bat (D:1)
  2 endoplasms (D:1)
  4 goblins (D:1)
  3 jackals (D:1)
  2 frilled lizards (D:1)
  6 kobolds (D:1)
  A rat (D:1)
27 creatures vanquished.

Notes
Turn   | Place    | Note
-------+----------+-------------------------------------------
     0 | D:1      | javelincjr the Demonspawn Hedge Wizard began the quest for
                  | the Orb.
     0 | D:1      | Reached XP level 1. HP: 13/13 MP: 4/4
    66 | D:1      | Reached skill level 1 in Translocations
   413 | D:1      | Gained mutation: You are partially covered in yellow
                  | scales. (AC +2) [demonic ancestry]
   413 | D:1      | Reached XP level 2. HP: 20/20 MP: 0/6
   518 | D:1      | You fall into a shaft and drop 1 floor!
   711 | D:1      | Reached skill level 1 in Fighting
  1106 | D:2      | Gained mutation: You have a pair of small antennae on your
                  | head. [demonic ancestry]
  1106 | D:2      | Reached XP level 3. HP: 26/26 MP: 1/7
  1392 | D:2      | Slain by a gnoll

Illustrated notes

Levels and vault maps discovered:
D:1:      lightli_iron_boxes, layout_rooms, st_stairs_14, minmay_pentomino_u2
D:2:      layout_basic, corexii_shack

Skill      XL: |  1  2 |
---------------+-------+-----
Translocations | 1 |  1.3
Fighting       | 1 |  1.4
Dodging        | 2 |  2.1
Armour         | |  0.7
Stealth        | |  1.7
Spellcasting   | |  3.3
Conjurations   | |  1.3
Summonings     | |  1.4

Action                   || total
-------------------------++-------
Melee: Dagger            ||    20
       Short sword       ||    12
 Cast: Magic Dart        ||    62
Armor: Robe              ||     9
Dodge: Dodged            ||    22
